 Dungeon Crawl Stone Soup version 0.29-a0-723-gce39da1c22 (webtiles) character file.

Game seed: 18361597333991150930

749 buhh the Trooper (level 7, 0/52 HPs)
             Began as an Octopode Transmuter on June 28, 2022.
             Was a Follower of Cheibriados.
             Succumbed to a killer bee's poison
             ... on level 5 of the Dungeon.
             The game lasted 00:10:15 (7622 turns).

buhh the Trooper (Octopode Transmuter)              Turns: 7622, Time: 00:10:16

Health: 0/52       AC:  1    Str: 11    XL:     7   Next: 78%
Magic:  10/10      EV: 13    Int: 19    God:    Cheibriados [*.....]
Gold:   303        SH:  0    Dex: 15    Spells: 0/10 levels left

rFire   . . .      SeeInvis .     - Unarmed
rCold   . . .      Faith    .   (no shield)
rNeg    . . .      Spirit   .   (helmet currently unavailable)
rPois   .          Reflect  .   (no amulet)
rElec   .          Harm     .   (no ring)
rCorr   .          Rampage  .   (no ring)
Will    .....                   (no ring)
Stlth   +++.......              (no ring)
HPRegen 0.17/turn               (no ring)
MPRegen 0.12/turn               (no ring)
                                (no ring)
                                (no ring)

@: lethally poisoned (0 -> -16), appendages (expiring), very slow
A: tentacle spike 3, almost no armour, amphibious, 8 rings, camouflage 1,
gelatinous body 1, (nimble swimmer 1), tentacles
a: End Transformation, Renounce Religion, Bend Time


You were on level 5 of the Dungeon.
You worshipped Cheibriados.
Cheibriados was aware of your devotion.
One of your tentacles had grown a beastly spike.
You visited 2 branches of the dungeon, and saw 7 of its levels.

You collected 303 gold pieces.

Inventory:

Missiles
 j - a throwing net {!f}
Wands
 v - a wand of digging (3)
Scrolls
 c - 5 scrolls of blinking {!d}
 d - 2 scrolls of fear {!r}
 X - 4 scrolls of amnesia
Potions
 a - a potion of cancellation {unknown}
 b - a potion of ambrosia {unknown}
 f - a potion of degeneration
 h - 3 potions of curing {unknown}
 i - a potion of attraction {unknown}
 n - a potion of magic {unknown}
 K - 2 potions of brilliance {!q!d}
 M - a potion of heal wounds {!q!d}
 U - a potion of mutation {!d}


   Skills:
 - Level 6.0 Fighting
 - Level 2.0 Dodging
 - Level 2.0 Stealth
 - Level 3.0 Unarmed Combat
 - Level 2.0 Spellcasting
 * Level 5.9 Transmutations


You couldn't memorise any spells.
You knew the following spells:

 Your Spells              Type           Power      Damage    Failure   Level
a - Beastly Appendage     Tmut           48%        N/A       1%          1
b - Wereblood             Tmut           24%        N/A       2%          2
c - Spider Form           Tmut/Pois      13%        N/A       16%         3
d - Ice Form              Ice/Tmut       13%        N/A       45%         4

Your spell library contained the following spells:

 Spells                   Type           Power      Damage    Failure   Level
 Necrotize                Necr           4%         1d4       17%         1
 Ensorcelled Hibernation  Hex/Ice        2%         N/A       26%         2
 Stone Arrow              Conj/Erth      2%         3d7       45%         3
 Vampiric Draining        Necr           1%         2d6       45%         3
 Anguish                  Hex/Necr       0%         N/A       86%         4
 Agony                    Necr           1%         N/A       99%         5
 Lehudib's Crystal Spear  Conj/Erth      0%         10d2      100%        8
 Animate Armour           Summ/Erth      Unusable   N/A       N/A         4

Dungeon Overview and Level Annotations

Branches:
Dungeon (6/15) Zot: 40479  Temple (1/1) D:4 Zot: 8626

Altars:
Cheibriados
Dithmenos
Elyvilon
Fedhas
Gozag
Hepliaklqana
Kikubaaqudgha
Makhleb
Okawaru
Qazlal
Sif Muna
Trog
Uskayaw
Vehumet
Wu Jian
Xom
Yredelemnul
The Shining One

Shops:
D:4 [   D:5 :

Annotations:
D:4 exclusion: jelly


Innate Abilities, Weirdness & Mutations

One of your tentacles has grown a beastly spike.
You cannot wear most types of armour.
You are amphibious.
You can wear up to eight rings at the same time.
Your skin changes colour to match your surroundings (Stealth+).
Your rubbery body absorbs attacks. (AC +1, EV +1)
((You are camouflaged when in or above water. (Stealth+)))
You have tentacles for arms and can constrict up to eight enemies at once.


Message History

Really quaff
M - 2 potions of heal wounds {!q!d}?
You feel much better.
Your transformation is almost over.
You feel sick. The killer bee misses you. The killer bee barely misses you.
You feel sick. The killer bee closely misses you. The killer bee stings you.
You climb upwards.
You feel sick.
There is a stone staircase leading down here.
Okay, then.
Okay, then.
Okay, then.
As you read the scroll of summoning, it crumbles to dust.
Wisps of shadow whirl around you...
You feel sick. The killer bee closely misses you. The killer bee misses you.
What are your orders? t - Shout!
Orders for allies: a - Attack new target. r - Retreat! s - Stop attacking. g - Guard the area. f - Follow me.
Anything else - Cancel.
Gang up on whom?
Press: ? - help, Dir - move target, f - killer bee
Aim: a killer bee (ally target) Attack!
You feel sick. The killer bee stings you! The killer bee misses you.
Your adder bites the killer bee but does no damage.
The killer bee stings you!
You are more poisoned.
The killer bee poisons you!
Your adder barely misses the killer bee.
The killer bee closely misses you.
Your ogre misses the killer bee.
You feel sick. The killer bee stings you.
* * * LOW HITPOINT WARNING * * *
Your adder misses the killer bee. The killer bee misses you.
Your orc hits the killer bee with a +0 short sword.
You swap places.
The killer bee attacks as you move away!
The killer bee stings you!
* * * LOW HITPOINT WARNING * * *
You are more poisoned.
The killer bee poisons you!
You die...

.# #....### #######...#
.######.#### ###.........#
........# #...........#
.....#### #...........#
..##.# #...........#
.....#### ##...S.......#
.###....#####..Oy........#
.# #.##.......#ooo.......#
.###.######....o@.......##
..##.######..##..........#
#....)..#...###..........#
####.##...### #....>.....#
#.##...## #..........#
#.#..#..# #..........#
#...###.## ##........##
##....#..# ##......##
###[.##.##.# ####.###


You could see a killer bee (ally target), a friendly ogre (summoned), a friendly
orc wizard (summoned), a friendly adder (summoned) and 3 friendly orcs.

Vanquished Creatures
  A black bear (D:5)
  A phantom (D:5)
  2 necrophages (D:4)
  A scorpion (D:4)
  A howler monkey (D:5)
  2 orc priests (D:3)
  An iguana (D:3)
  An orc wizard (D:4)
  Natasha (thrice) (D:4)
  4 gnolls (D:2)
  5 adders
  2 worms
  3 dart slugs
  17 orcs
  8 ball pythons
  4 bats
  3 endoplasms
  3 goblins
  4 hobgoblins
  2 jackals (D:2)
  4 quokkas
  4 frilled lizards (D:1)
  7 kobolds
  4 rats
87 creatures vanquished.

Notes
Turn   | Place    | Note
-------+----------+-------------------------------------------
     0 | D:1      | buhh the Octopode Transmuter began the quest for the Orb.
     0 | D:1      | Reached XP level 1. HP: 13/13 MP: 3/3
   290 | D:1      | Reached XP level 2. HP: 12/19 MP: 3/5
   300 | D:1      | Reached skill level 2 in Fighting
   944 | D:1      | Reached XP level 3. HP: 12/25 MP: 6/6
  1651 | D:2      | Reached skill level 3 in Fighting
  2440 | D:3      | Reached XP level 4. HP: 17/33 MP: 7/7
  2676 | D:3      | Reached skill level 4 in Fighting
  3137 | D:3      | Reached XP level 5. HP: 38/38 MP: 6/8
  3524 | D:3      | Reached skill level 5 in Fighting
  4239 | D:4      | Found a staircase to the Ecumenical Temple.
  4250 | Temple   | Entered the Ecumenical Temple
  4522 | D:4      | Reached XP level 6. HP: 44/45 MP: 7/9
  4537 | D:4      | Found a snail-covered altar of Cheibriados.
  4551 | D:4      | Became a worshipper of Cheibriados the Contemplative
  4669 | D:4      | Reached skill level 6 in Fighting
  5548 | D:4      | Found a bloodstained altar of Trog.
  5551 | D:4      | Found a hide-covered altar of Uskayaw.
  5554 | D:4      | Found a stormy altar of Qazlal.
  5564 | D:4      | Found a shimmering altar of Xom.
  6028 | D:4      | Found Xoqyfieh's Armour Shoppe.
  6421 | D:4      | Noticed Natasha
  6426 | D:4      | Killed Natasha
  6427 | D:4      | Reached XP level 7. HP: 45/52 MP: 8/10
  6653 | D:4      | Noticed Natasha
  6664 | D:4      | Killed Natasha
  6664 | D:4      | Reached * piety under Cheibriados
  6738 | D:4      | Noticed Natasha
  6757 | D:4      | Killed Natasha
  6918 | D:5      | Entered Level 5 of the Dungeon
  7075 | D:5      | Found Ygibonid's Book Boutique.
  7575 | D:5      | Learned a level 2 spell: Wereblood
  7579 | D:5      | Learned a level 3 spell: Spider Form
  7584 | D:5      | Learned a level 4 spell: Ice Form
  7622 | D:5      | Succumbed to a killer bee's poison

Illustrated notes

Levels and vault maps discovered:
D:1:      lightli_arrival_farm, layout_loops_ring
D:2:      layout_basic
D:3:      layout_loops_ring, minmay_statues_item
D:4:      layout_cave_pods, slow_altar_1, grunt_temple_overflow_cloverleaf,
          minmay_temple_entry_ruins, serial_shops, shop_fountains,
          kennysheep_generic_room_2, uniq_natasha
D:5:      layout_rooms, serial_shops, nicolae_take_the_stairs,
          kennysheep_decorative_pillar
D:6:      cheibrodos_fzero, layout_basic, mainiacjoe_overflow_chevrons,
          serial_shops, nicolae_shop_waterfront, skrybe_limestone_x,
          roderic_serpentine_path, minmay_shop_enchanted_jewellery,
          kennysheep_another_room, corexii_hall_statues_x, minmay_curled_crystal
Temple:   nicolae_temple_figure_eight

Skill      XL: |  1  2  3  4  5  6  7 |
---------------+----------------------+-----
Stealth        | 1 2 |  2.0
Fighting       | 2 3 4 5 6 |  6.0
Transmutations | 3 5 |  5.9
Dodging        | |  2.0
Unarmed Combat | |  3.0
Spellcasting   | |  2.0

Action                   |  1- 3 |  4- 6 |  7- 9 || total
-------------------------+-------+-------+-------++-------
Melee: Unarmed           |    61 |   111 |    44 ||   216
       Constrict         |    21 |    28 |    10 ||    59
       Tentacles         |    17 |    35 |    13 ||    65
       Kick              |    17 |    32 |    17 ||    66
       Punch             |     2 |     3 |     1 ||     6
 Cast: Beastly Appendage |    18 |    28 |    12 ||    58
  Use: Scroll            |     2 |     2 |     6 ||    10
       Potion            |       |     2 |     2 ||     4
 Stab: Sleeping          |     8 |    10 |     1 ||    19
Armor: Skin              |     3 |     9 |     8 ||    20
Dodge: Dodged            |    27 |    60 |    39 ||   126

Table legend: (Time is in decaauts)
 A = Elapsed time spent in this place.
 B = Non-inter-level travel time spent in this place.
 C = Inter-level travel time spent in this place.
 D = Time resting spent in this place.
 E = Time spent auto-exploring this place.
 F = Levels seen in this place.
 G = Mean time per level.
                   A        B        C        D        E       F      G
               +--------+--------+--------+--------+--------+-----+--------+
         Total |   8087 |   7693 |    394 |   1929 |   4889 |   7 | 1155.3 |
       Dungeon |   7838 |   7456 |    382 |   1929 |   4653 |   6 | 1306.3 |
        Temple |    248 |    236 |     12 |      0 |    236 |   1 |  248.0 |
               +--------+--------+--------+--------+--------+-----+--------+

Top non-repeatable levels by time:
     D:4: 2383 daAuts
     D:3: 1883 daAuts
     D:2: 1402 daAuts
     D:1: 1322 daAuts
     D:5: 830 daAuts
  Temple: 248 daAuts
     D:6: 15 daAuts
